 Dungeon Crawl Stone Soup version 0.31-a0-692-gf03d1854d5 (webtiles) character file.

Game seed: 5748215669208205696

2220 qw the Skirmisher (level 9, -1/57 HPs)
             Began as a Gargoyle Hunter on Sept 6, 2023.
             Was an Initiate of Okawaru.
             Slain by a white ugly thing (16 damage)
             ... on level 7 of the Dungeon.
             The game lasted 00:02:01 (4455 turns).

qw the Skirmisher (Gargoyle Hunter)                 Turns: 4455, Time: 00:02:01

Health: -1/57      AC: 16    Str: 21    XL:     9   Next: 35%
Magic:  9/9        EV: 12    Int: 10    God:    Okawaru [......]
Gold:   252        SH:  0    Dex: 17    Spells: 8/8 levels left

rFire   + + .        Y - +0 shortbow (flame)
rCold   . . .        (shield currently unavailable)
rNeg    + . .        m - +0 ring mail {rF+}
rPois   inf          c - +0 mask of the Dragon {Will+ Slay+3 SInv}
rElec   +            d - +2 cloak
rCorr   +            b - +0 pair of gloves "Juawawn" {rElec rCorr Str+6}
SInv    +            (no boots)
Will    +....        (no amulet)
Stlth   +            q - ring of protection from fire
HPRegen 0.29/turn    (no ring)
MPRegen 0.11/turn

%: no passive effects
@: no status effects
A: sickness immunity, AC +6, negative energy resistance 1, electricity
resistance, torment resistance 1, petrification resistance
a: Renounce Religion


You were on level 7 of the Dungeon.
You worshipped Okawaru.
Okawaru was noncommittal.
You visited 1 branch of the dungeon, and saw 7 of its levels.

You collected 252 gold pieces.


Innate Abilities, Weirdness & Mutations

You are immune to sickness and miasma.
Your stone body is resilient. (AC +6)
You are immune to poison.
You resist negative energy. (rN+)
You are resistant to electric shocks. (rElec)
You are resistant to unholy torment.
You are immune to petrification.


   Skills:
 - Level 7.0 Fighting
 + Level 10.1 Ranged Weapons
 - Level 3.8 Armour
 - Level 3.1 Dodging
 - Level 1.1 Stealth


You had 8 spell levels left.
You didn't know any spells.
Your spell library was empty.

Inventory:

Hand Weapons
 Y - a +0 shortbow of flaming (weapon)
Armour
 b - the +0 pair of gloves "Juawawn" (worn) {rElec rCorr Str+6}
   (You found it on level 6 of the Dungeon)

   Str+6:     It affects your strength (+6).
   rElec:     It insulates you from electricity.
   rCorr:     It protects you from acid and corrosion.
 c - the +0 mask of the Dragon (worn) {Will+ Slay+3 SInv}
   (You acquired it on level 1 of the Dungeon)

   Slay+3:    It affects your accuracy & damage with ranged weapons and melee
   (+3).
   Will+:     It increases your willpower.
   SInv:      It lets you see invisible.
 d - a +2 cloak (worn)
 g - a +3 leather armour
 m - a +0 ring mail of fire resistance (worn)
Jewellery
 k - a ring of see invisible
 q - a ring of protection from fire (left hand)
Scrolls
 a - a scroll of identify
Potions
 e - a potion of heal wounds
 f - 2 potions of curing
 h - a potion of mutation {unknown}
 i - 2 potions of haste {unknown}
 n - a potion of cancellation {unknown}
 p - a potion of attraction {unknown}

Dungeon Overview and Level Annotations

Branches:
Dungeon (7/15)             Temple (0/1) D:7

Altars:
Ashenzari
Nemelex Xobeh
Okawaru
Qazlal
Wu Jian
The Shining One

Annotations:
D:6 2 runed translucent doors


Message History

You now have 241 gold pieces (gained 21).
You now have 252 gold pieces (gained 11).
Found a staircase to the Ecumenical Temple.
There is a staircase to the Ecumenical Temple here.
An orc comes into view. It is wielding a +0 mace.
The orc shouts!
You hear a shout!
You shoot an arrow. The arrow hits the orc.
The arrow burns the orc.
You kill the orc!
Okawaru accepts your kill.
A troll and an orc come into view.
The orc shouts!
You shoot an arrow. The arrow barely misses the orc.
The arrow hits the troll!
The arrow burns the troll.
The troll is moderately wounded.
You shoot an arrow. The arrow closely misses the orc.
An orc comes into view. It is wielding a +0 short sword.
You shoot an arrow. The arrow hits the orc!
The arrow burns the orc.
You kill the orc!
Okawaru accepts your kill.
A white ugly thing comes into view.
4450 |||
Found retreat position at 0,-1 (floor) with 0 blocking monsters and 1 monsters attacking at destination at distance 1
4450 ||| Stepping ~*~*~tactically~*~*~ (retreating).
The troll attacks as it pursues you! The troll barely misses you. x2
The troll claws you!
You shoot an arrow. The arrow hits the troll!
The arrow burns the troll.
The troll is heavily wounded.
The troll bites you! The troll claws you. The troll completely misses you.
You shoot an arrow. The arrow barely misses the troll.
The arrow hits the orc!
The arrow burns the orc.
You kill the orc!
Okawaru accepts your kill. The troll bites you!
The troll closely misses you. x2
You shoot an arrow. The arrow closely misses the troll.
You shoot an arrow.
The arrow hits the white ugly thing but does no damage.
You shoot an arrow. The arrow hits the white ugly thing!
The arrow burns the white ugly thing.
The white ugly thing is lightly wounded.
The white ugly thing bites you! The white ugly thing freezes you!
You die...

...#####...[....)...# ..
...##.........#.##.##...
...##.#................
........#####..........
........#...#)#.#.###.>.
......:.#.#...#...# ..
........#.######.## #
........#.# #.#
.......##.# #@#
.......##.# #u#
.......##<# #)T#
.......#### ...##
#####.## #u### #.# # #.#
#.# #.#


You could see a white ugly thing and a troll.

Vanquished Creatures
  Sigmund (D:4)
  An orc warrior (D:6)
  2 black bears
  2 ice beasts
  3 ogres
  3 phantoms
  A kobold brigand (D:6)
  Blork the orc (D:4)
  5 scorpions
  2 orc priests (D:5)
  5 hounds
  2 gnoll boudas
  A jelly (D:5)
  A sleepcap (D:4)
  2 iguanas (D:6)
  5 orc wizards
  6 gnolls
  3 adders
  2 shadow imps
  2 ufetubi
  A worm (D:4)
  A dart slug (D:1)
  24 orcs
  3 endoplasms
  3 giant cockroaches
  9 goblins
  9 hobgoblins
  8 kobolds
  3 quokkas
  4 ball pythons
  4 bats
  4 frilled lizards
  6 rats
129 creatures vanquished.

Notes
Turn   | Place    | Note
-------+----------+-------------------------------------------
     0 | D:1      | qw the Gargoyle Hunter began the quest for the Orb.
     0 | D:1      | Reached XP level 1. HP: 12/12 MP: 1/1
     0 | D:1      | 0 ||| qw: Version: 0.3-a-76-g4403597
     0 | D:1      | 0 ||| qw: Game counter: 87
     0 | D:1      | 0 ||| qw: Melee chars always use a shield: true
     0 | D:1      | 0 ||| qw: God list: Okawaru
     0 | D:1      | 0 ||| qw: Allow faded altars: false
     0 | D:1      | 0 ||| qw: Do Orc after clearing Dungeon:15 true
     0 | D:1      | 0 ||| qw: Do second Lair branch before Depths: true
     0 | D:1      | 0 ||| qw: Lair rune preference: random
     0 | D:1      | 0 ||| qw: Goals: Normal
     0 | D:1      | 0 ||| PLANNING D:1-11
    83 | D:1      | Reached XP level 2. HP: 11/17 MP: 2/2
   250 | D:1      | Reached XP level 3. HP: 16/21 MP: 3/3
   405 | D:1      | Reached skill level 5 in Ranged Weapons
   519 | D:1      | 519 ||| UPGRADING to +0 ring mail.
   529 | D:1      | 529 ||| DROPPING +0 leather armour.
   530 | D:1      | 530 ||| READING 3 scrolls labelled ZURID MIQUIHI.
   531 | D:1      | 531 ||| READING scroll labelled DOROPT URCHOM.
   532 | D:1      | 532 ||| READING scroll labelled ESCHER MECHILASAG.
   532 | D:1      | Identified a scroll of acquirement
   532 | D:1      | 532 ||| ACQUIRING +0 mask of the Dragon {Will+ Slay+3 SInv}
   532 | D:1      | Acquired the +0 mask of the Dragon {Will+ Slay+3 SInv}
   532 | D:1      | Found the +0 mask of the Dragon {Will+ Slay+3 SInv}
   534 | D:1      | 534 ||| UPGRADING to +0 mask of the Dragon {Will+ Slay+3
                  | SInv}.
   539 | D:1      | 539 ||| READING 2 scrolls of identify.
   539 | D:1      | 539 ||| IDENTIFYING coppery potion
   540 | D:1      | 540 ||| DROPPING scroll of butterflies.
   541 | D:1      | 541 ||| DROPPING potion of lignification.
   646 | D:2      | Reached skill level 1 in Armour
  1189 | D:2      | 1189 ||| READING scroll labelled TIOHOE FEZU.
  1190 | D:2      | 1190 ||| DRINKING 2 dark potions.
  1191 | D:2      | 1191 ||| READING 2 scrolls of identify.
  1191 | D:2      | 1191 ||| IDENTIFYING fizzy red potion
  1192 | D:2      | 1192 ||| DROPPING potion of brilliance.
  1261 | D:3      | Reached XP level 4. HP: 27/27 MP: 4/4
  1262 | D:3      | Reached skill level 3 in Fighting
  1470 | D:3      | Found a stormy altar of Qazlal.
  1534 | D:3      | 1534 ||| READING scroll labelled ACWOECLUTOA.
  1686 | D:4      | Noticed a scorpion
  1692 | D:4      | Killed a scorpion
  1693 | D:4      | Reached XP level 5. HP: 29/32 MP: 5/5
  1752 | D:4      | Reached skill level 6 in Ranged Weapons
  1754 | D:4      | Noticed an ogre
  1759 | D:4      | HP: 4/32 [ogre/+0 giant spiked club (28)]
  1761 | D:4      | Killed an ogre
  1762 | D:4      | Reached XP level 6. HP: 6/38 MP: 6/6
  1786 | D:4      | Noticed Sigmund
  1793 | D:4      | Killed Sigmund
  1794 | D:4      | Reached skill level 7 in Ranged Weapons
  2031 | D:4      | Noticed a black bear
  2039 | D:4      | Killed a black bear
  2040 | D:4      | Reached XP level 7. HP: 29/43 MP: 7/7
  2202 | D:4      | Noticed Blork the orc
  2206 | D:4      | Killed Blork the orc
  2207 | D:4      | Reached skill level 8 in Ranged Weapons
  2344 | D:4      | 2344 ||| UPGRADING to +2 cloak.
  2349 | D:4      | 2349 ||| DROPPING amulet of magic regeneration.
  2350 | D:4      | 2350 ||| READING scroll labelled OMUUCI ZAOL.
  2364 | D:5      | Entered Level 5 of the Dungeon
  2367 | D:5      | 2367 ||| STAIRDANCE
  2370 | D:4      | HP: 9/43 [ogre/+0 giant spiked club (9)]
  2569 | D:5      | Reached XP level 8. HP: 49/49 MP: 8/8
  2657 | D:5      | 2657 ||| Stepping ~*~*~tactically~*~*~ (outnumbered).
  2659 | D:5      | 2659 ||| Stepping ~*~*~tactically~*~*~ (outnumbered).
  2661 | D:5      | 2661 ||| Stepping ~*~*~tactically~*~*~ (outnumbered).
  2681 | D:5      | HP: 12/49 [gnoll/+0 halberd[a gnoll bouda] (3)]
  2951 | D:5      | 2951 ||| Stepping ~*~*~tactically~*~*~ (outnumbered).
  2953 | D:5      | 2953 ||| Stepping ~*~*~tactically~*~*~ (outnumbered).
  2963 | D:5      | Reached skill level 9 in Ranged Weapons
  3115 | D:5      | Reached skill level 6 in Fighting
  3360 | D:5      | Found a broken altar of Ashenzari.
  3361 | D:5      | Found a sparkling altar of Nemelex Xobeh.
  3362 | D:5      | Found a glowing golden altar of the Shining One.
  3363 | D:5      | Found an ornate altar of the Wu Jian Council.
  3368 | D:5      | 3368 ||| UPGRADING to +0 pair of gloves.
  3373 | D:5      | 3373 ||| UPGRADING to +0 ring mail of fire resistance.
  3383 | D:5      | 3383 ||| DROPPING +0 ring mail.
  3384 | D:5      | 3384 ||| UPGRADING to amulet of guardian spirit.
  3389 | D:5      | 3389 ||| READING scroll labelled JAL TAORY UTI.
  3490 | D:5      | 3490 ||| READING scroll labelled FIKEZY NEFUROPH.
  3495 | D:5      | 3495 ||| READING 2 scrolls of identify.
  3495 | D:5      | 3495 ||| IDENTIFYING inky potion
  3496 | D:5      | 3496 ||| DROPPING potion of degeneration.
  3541 | D:6      | 3541 ||| STAIRDANCE
  3589 | D:6      | Found a runed translucent door.
  3592 | D:6      | Found a runed translucent door.
  3659 | D:6      | Reached skill level 10 in Ranged Weapons
  3686 | D:6      | Reached XP level 9. HP: 54/55 MP: 7/9
  3694 | D:6      | Reached skill level 3 in Armour
  3701 | D:6      | 3701 ||| FLEEEEING.
  3702 | D:6      | 3702 ||| FLEEEEING.
  3703 | D:6      | 3703 ||| FLEEEEING.
  3704 | D:6      | 3704 ||| FLEEEEING.
  3713 | D:6      | 3713 ||| STAIRDANCE
  3731 | D:5      | 3731 ||| READING scroll labelled RYTTU QOCWO.
  3739 | D:6      | Identified the +0 pair of gloves "Juawawn" {rElec rCorr
                  | Str+6}
  3977 | D:6      | Found an iron altar of Okawaru.
  3978 | D:6      | 3978 ||| PLANNING OKAWARU WORSHIP
  3978 | D:6      | 3978 ||| UPGRADING to +0 pair of gloves "Juawawn" {rElec
                  | rCorr Str+6}.
  3988 | D:6      | 3988 ||| DROPPING +0 pair of gloves.
  3989 | D:6      | 3989 ||| DROPPING scarf of invisibility.
  3990 | D:6      | 3990 ||| UPGRADING to ring of protection from fire.
  3991 | D:6      | 3991 ||| READING scroll labelled LAOKOF XADYWA.
  3992 | D:6      | 3992 ||| DRINKING 2 brown potions.
  4097 | D:6      | 4097 ||| READING 2 scrolls of identify.
  4097 | D:6      | 4097 ||| IDENTIFYING fuming blue potion
  4098 | D:6      | 4098 ||| DROPPING potion of berserk rage.
  4144 | D:6      | Became a worshipper of Warmaster Okawaru
  4145 | D:6      | 4145 ||| PLANNING D:1-11
  4145 | D:6      | 4145 ||| REMOVING amulet of guardian spirit.
  4271 | D:6      | 4271 ||| DROPPING amulet of guardian spirit.
  4319 | D:7      | 4319 ||| Stepping ~*~*~tactically~*~*~ (outnumbered).
  4327 | D:7      | 4327 ||| Stepping ~*~*~tactically~*~*~ (outnumbered).
  4329 | D:7      | 4329 ||| Stepping ~*~*~tactically~*~*~ (outnumbered).
  4375 | D:7      | Reached skill level 3 in Dodging
  4405 | D:7      | Found a staircase to the Ecumenical Temple.
  4446 | D:7      | Noticed a troll
  4449 | D:7      | Noticed a white ugly thing
  4450 | D:7      | 4450 ||| Stepping ~*~*~tactically~*~*~ (retreating).
  4455 | D:7      | Slain by a white ugly thing

Levels and vault maps discovered:
D:1:      eino_arrival_tree_alley, layout_rooms, serial_corexii_hall,
          corexii_hall_statues_l, corexii_hall_statues_i
D:2:      layout_loops_ring, minivault_23, minmay_misc_feat_columns
D:3:      layout_rooms, mainiacjoe_overflow_cross_hatched
D:4:      layout_loops_cross, minivault_25, grunt_tough_drop, uniq_sigmund,
          uniq_blork_the_orc
D:5:      layout_loops_cross, mainiacjoe_overflow_alcove_3
D:6:      lemuel_insect_pit, layout_rooms, lemuel_tele_altar, amethyst_killhole
D:7:      minmay_cornered_nines, layout_basic, nicolae_vehumet_altar_sigil,
          temple_statues, serial_shops, nicolae_shop_pleasant_corner_grove

Skill      XL: |  1  2  3  4  5  6  7  8  9 |
---------------+----------------------------+-----
Ranged Weapons | 5 6 7 8 10 | 10.1
Armour         | 1 2 3 |  3.8
Fighting       | 3 4 5 6 7 |  7.0
Dodging        | 2 3 |  3.1
Stealth        | |  1.1

Action                     |  1- 3 |  4- 6 |  7- 9 || total
---------------------------+-------+-------+-------++-------
   Fire: Shortbow          |   113 |    48 |   268 ||   429
    Use: Scroll            |     6 |     1 |     7 ||    14
         Potion            |     1 |       |     1 ||     2
 Armour: Leather armour    |    21 |       |       ||    21
         Ring mail         |     2 |    18 |    87 ||   107
  Dodge: Dodged            |    20 |    14 |    97 ||   131

Table legend:
 A = Non-vault XP
 B = Vault XP
 C = Vault XP percentage of total XP
 D = Non-vault monster count
 E = Vault monster count
 F = Vault count percentage of total count
                 A         B        C        D         E       F
            +---------+---------+-------+---------+---------+-------
      Total |    2811 |     361 |  11.4 |     123 |       6 |   4.7
            +---------+---------+-------+---------+---------+-------
        D:1 |      46 |       0 |   0.0 |      28 |       0 |   0.0
        D:2 |      24 |       0 |   0.0 |       7 |       0 |   0.0
        D:3 |      27 |       0 |   0.0 |      11 |       0 |   0.0
        D:4 |     556 |     361 |  39.4 |      12 |       6 |  33.3
        D:5 |     955 |       0 |   0.0 |      32 |       0 |   0.0
        D:6 |     985 |       0 |   0.0 |      24 |       0 |   0.0
        D:7 |     218 |       0 |   0.0 |       9 |       0 |   0.0
            +---------+---------+-------+---------+---------+-------
